 Dungeon Sprint DCSS version 0.30.0-19-g36f170ea60 (webtiles) character file.

Game seed: 12059258499328651806

154 Groucho the Ducker (level 5, -4/30 HPs)
             Began as a Spriggan Hunter on May 26, 2023.
             Was an Elder of Qazlal.
             Slain by a tarantella (17 damage)
             ... in the Dungeon (Sprint VII: "The Pits").
             The game lasted 00:02:58 (1221 turns).

Groucho the Ducker (Spriggan Hunter)                Turns: 1221, Time: 00:02:58

Health: -4/30      AC:  2    Str:  7    XL:     5   Next: 13%
Magic:  9/9        EV: 22    Int: 11    God:    Qazlal [****..]
Gold:   0          SH:  5    Dex: 20    Spells: 4/4 levels left

rFire   . . .        a - +0 shortbow
rCold   . . .        (shield currently unavailable)
rNeg    . . .        c - +0 robe
rPois   .            (helmet restricted)
rElec   .            (no cloak)
rCorr   .            (gloves unavailable)
SInv    +            (boots unavailable)
Will    .....        (no amulet)
Stlth   +            (no ring)
HPRegen 0.25/turn    (no ring)
MPRegen 0.11/turn

%: no teleportation, repel missiles
@: very quick
A: very small, no large weapons, unfitting armour, see invisible, speed 3
a: Renounce Religion, Upheaval, Elemental Force


You were in the Dungeon.
You worshipped Qazlal.
Qazlal was greatly pleased with you.
You visited 1 branch

Inventory:

Hand Weapons
 a - a +0 shortbow (weapon)
Missiles
 m - 10 stones
Armour
 c - a +0 robe (worn)
Scrolls
 b - a scroll of immolation
 i - a scroll of blinking
 k - 5 scrolls of amnesia
 l - a scroll of summoning
Potions
 d - 6 potions of curing
 e - 6 potions of heal wounds
 f - a potion of haste
 g - 4 potions of magic
 h - 3 potions of berserk rage
 j - 2 potions of invisibility


   Skills:
 + Level 4.5 Fighting
 + Level 6.9 Ranged Weapons
 + Level 7.2 Dodging
 - Level 1.5 Stealth
 + Level 4.5 Invocations


You had 4 spell levels left.
You didn't know any spells.
Your spell library was empty.

Dungeon Overview and Level Annotations

Branches:
Dungeon (1/1)

Altars:
Ashenzari
Cheibriados
Dithmenos
Elyvilon
Fedhas
Gozag
Hepliaklqana
Kikubaaqudgha
Makhleb
Nemelex Xobeh
Okawaru
Qazlal
Ru
Sif Muna
Trog
Uskayaw
Vehumet
Wu Jian
Xom
Yredelemnul
Zin
The Shining One
Jiyva
Lugonu


Innate Abilities, Weirdness & Mutations

You are very small and have problems with some larger weapons.
You are too small for most types of armour.
You have supernaturally acute eyesight. (SInv)
You cover ground extremely quickly. (Speed+++)


Message History

The tarantella is heavily wounded.
The tarantella misses you.
You shoot an arrow. The arrow misses the tarantella.
The arrow hits the hell rat.
The hell rat is severely wounded.
You block the tarantella's attack. The tarantella closely misses you.
You shoot an arrow. The arrow hits the tarantella.
The tarantella is heavily wounded.
The tarantella closely misses you.
You shoot an arrow. The arrow barely misses the tarantella.
The arrow hits the hell rat.
The hell rat is severely wounded.
The tarantella touches you. The tarantella barely misses you.
Fire: a) +0 shortbow
Press: ? - help, Shift-Dir - straight line, f/p - tarantella
Aim: a tarantella (heavily wounded, 55% to hit)
There is an open door here.
An endoplasm comes into view.
You see here a +0 short sword.
You shoot an arrow.
The arrow completely misses the tarantella.
The endoplasm quivers.
The arrow hits the hell rat but does no damage.
The hell rat is severely wounded.
The tarantella touches you!
You are too injured to fight recklessly!
Unknown command.
Unknown command.
Unknown command.
You are too injured to fight recklessly!
Unknown command.
Unknown command.
Fire: a) +0 shortbow
Press: ? - help, Q - select action, (/) - cycle Shift-Dir - straight line, p - tarantella You shoot an arrow.
The arrow barely misses the tarantella.
The arrow barely misses the hell rat.
The arrow closely misses the quasit.
You block the tarantella's attack. The tarantella touches you!
Ouch! That really hurt!
You die...

#.?..')))'.##.....
##########.##.....
#...r5......'...))
#'#####'#####.....
#5#[[#.)...##...s.
#.#))#####'#####'#
#r#))#.....##.....
#s#))#.....##.....
#@#..###'####.....
#.##'#.....##...<.
#)#........##.....
#)#........##.....
#'###########.....
#J.....c# ######
#.###...# #.# .#
#.#


You could see a tarantella, a hell rat, a quasit and an endoplasm.

Vanquished Creatures
  A centaur (D)
  An iguana (D)
  2 gnolls (D)
  A river rat (D)
  An ufetubus (D)
  An adder zombie (D)
  4 orcs (D)
  A kobold (D)
  A quokka (D)
  A ball python (D)
  A frilled lizard (D)
15 creatures vanquished.

Notes
Turn   | Place    | Note
-------+----------+-------------------------------------------
     0 | D        | Groucho the Spriggan Hunter began the quest for the Orb.
     0 | D        | Reached XP level 1. HP: 10/10 MP: 2/2
    16 | D        | Reached skill level 3 in Dodging
    16 | D        | Reached XP level 2. HP: 15/15 MP: 3/3
    50 | D        | Found a bloodstained altar of Trog.
    50 | D        | Found a shimmering blue altar of Sif Muna.
    50 | D        | Found a viscous altar of Jiyva.
    50 | D        | Found a hazy altar of Hepliaklqana.
    50 | D        | Found an opulent altar of Gozag.
    51 | D        | Found a glowing golden altar of the Shining One.
    51 | D        | Found a glowing silver altar of Zin.
    51 | D        | Found a basalt altar of Yredelemnul.
    51 | D        | Found a shimmering altar of Xom.
    51 | D        | Found an ornate altar of the Wu Jian Council.
    51 | D        | Found a sacrificial altar of Ru.
    51 | D        | Found a stormy altar of Qazlal.
    51 | D        | Found an iron altar of Okawaru.
    51 | D        | Found a sparkling altar of Nemelex Xobeh.
    51 | D        | Found a burning altar of Makhleb.
    51 | D        | Found a blossoming altar of Fedhas.
    51 | D        | Found a white marble altar of Elyvilon.
    51 | D        | Found a shadowy altar of Dithmenos.
    51 | D        | Found a snail-covered altar of Cheibriados.
    53 | D        | Found a radiant altar of Vehumet.
    53 | D        | Found a corrupted altar of Lugonu.
    54 | D        | Found a hide-covered altar of Uskayaw.
    54 | D        | Found an ancient bone altar of Kikubaaqudgha.
    54 | D        | Found a broken altar of Ashenzari.
    59 | D        | Became a worshipper of Qazlal Stormbringer
    75 | D        | Reached skill level 5 in Ranged Weapons
   107 | D        | Reached * piety under Qazlal
   108 | D        | Reached skill level 4 in Dodging
   108 | D        | Reached skill level 1 in Invocations
   532 | D        | Reached ** piety under Qazlal
   691 | D        | Reached XP level 3. HP: 20/20 MP: 5/5
   694 | D        | Reached skill level 5 in Dodging
  1045 | D        | Noticed a centaur
  1061 | D        | Killed a centaur
  1062 | D        | Reached skill level 6 in Dodging
  1062 | D        | Reached XP level 4. HP: 14/25 MP: 5/7
  1064 | D        | Reached *** piety under Qazlal
  1089 | D        | Reached skill level 7 in Dodging
  1089 | D        | Reached XP level 5. HP: 24/30 MP: 7/9
  1130 | D        | Reached **** piety under Qazlal
  1183 | D        | Noticed a tarantella
  1221 | D        | Slain by a tarantella

Illustrated notes

Levels and vault maps discovered:
D:        pitsprint [storerooms_1, entrance_room_1, metal_vault_7, armoury_2,
          mini_pit_1, grid_room_1, main_hall_1, silver_pit, the_coven_3,
          the_vestibule_1, steel_vault_3, golden_pit, hallway_of_sentries,
          crystal_vault_4, iron_vault_1, final_vault]

Skill      XL: |  1  2  3  4 |
---------------+-------------+-----
Fighting       | 2 3 4 |  4.5
Dodging        | 3 4 6 7 |  7.2
Ranged Weapons | 5 6 |  6.9
Invocations    | 2 3 4 |  4.5
Stealth        | |  1.5

Action                     |  1- 3 |  4- 6 || total
---------------------------+-------+-------++-------
   Fire: Shortbow          |    40 |    25 ||    65
 Armour: Robe              |     1 |       ||     1
  Dodge: Dodged            |     7 |     4 ||    11
  Block: Other             |       |     2 ||     2
